Map: Backwater LE

Players

Supericefree - Winner!

  • Race: Protoss Protoss
  • League: Platinum
  • Spawn Location: 5:00

CinDra

  • Race: Protoss Protoss
  • Spawn Location: 11:00

VOD

Have the link to the VOD?

Description

Time

  • Played on: Feb. 3, 2018, 10:54 p.m.
  • Length: 13:11
Show
View Real Time Build Order
Export as new Build Order

Supericefree Protoss - Winner!

Build Orders:  

Get SALT Encoding   

  12  0:01  Probe  
  13  0:16  Pylon  
  13  0:18  Probe (Chrono Boost)  
  15  0:28  Probe (Chrono Boost)  
  15  0:36  Gateway  
  15  0:38  Probe  
  16  0:46  Assimilator  
  16  0:50  Probe  
  17  1:03  Probe  
  18  1:15  Probe  
  18  1:17  Assimilator  
  19  1:28  Probe  
  20  1:34  Cybernetics Core  
  20  1:46  Probe  
  21  1:56  Nexus  
  21  2:09  Probe  
  22  2:22  Robotics Facility  
  22  2:29  Probe  
  23  2:31  Warp Gate (Chrono Boost)  
  23  3:00  Twilight Council  
  23  3:03  Pylon  
  23  3:07  Pylon, Stalker  
  23  3:08  Probe  
  23  3:09  Observer (Chrono Boost)  
  27  3:14  Probe  
  28  3:20  Probe  
  28  3:27  Gateway  
  29  3:32  Immortal  
  33  3:36  Probe (Chrono Boost)  
  33  3:37  Probe (Chrono Boost)  
  35  3:46  Charge  
  37  3:49  Probe (Chrono Boost)  
  37  3:51  Probe (Chrono Boost)  
  37  3:52  Stalker  
  37  3:54  Probe (Chrono Boost)  
  39  4:00  Assimilator  
  39  4:01  Probe  
  41  4:07  Probe  
  42  4:12  Pylon  
  42  4:13  Probe  
  43  4:19  Probe  
  44  4:25  Immortal  
  48  4:32  Pylon  
  48  4:39  Stalker x2  
  48  4:41  Probe  
  48  4:43  Assimilator  
  48  4:44  Probe  
  54  5:05  Observer  
  55  5:09  Forge  
  55  5:13  Probe x2  
  57  5:17  Stalker  
  59  5:22  Nexus  
  59  5:23  Gateway  
  59  5:35  Stalker  
  61  5:39  Probe x2  
  63  5:51  Probe x2  
  63  5:52  Gateway  
  63  5:55  Gateway, Stalker  
  63  5:56  Protoss Ground Weapons Level 1 (Chrono Boost)  
  67  5:59  Pylon  
  67  6:05  Forge  
  67  6:06  Probe  
  67  6:08  Probe  
  69  6:18  Assimilator, Probe  
  69  6:20  Probe  
  69  6:23  Assimilator  
  71  6:34  Probe x2  
  71  6:37  Stalker x3  
  79  6:41  Templar Archives  
  79  6:46  Probe (Chrono Boost)  
  81  6:47  Probe x2 (Chrono Boost)  
  82  6:57  Protoss Ground Armor Level 1 (Chrono Boost), Probe (Chrono Boost)  
  83  7:04  Pylon  
  83  7:06  Stalker x2  
  83  7:07  Pylon  
  87  7:15  Robotics Bay  
  87  7:20  Probe x2 (Chrono Boost)  
  90  7:23  Probe (Chrono Boost)  
  90  7:32  Psionic Storm, Probe (Chrono Boost)  
  90  7:36  Probe (Chrono Boost)  
  92  7:46  High Templar x4  
  100  7:59  Probe x2  
  100  8:00  Probe  
  100  8:03  Colossus  
  109  8:12  Pylon  
  109  8:14  Pylon  
  109  8:16  Pylon  
  109  8:22  Nexus  
  109  8:30  Probe x3  
  109  8:31  Pylon  
  109  8:32  Pylon  
  109  8:34  Pylon  
  112  8:35  Protoss Ground Weapons Level 2 (Chrono Boost)  
  112  8:37  Pylon  
  112  8:45  High Templar x2  
  112  8:46  Zealot  
  112  8:47  Zealot x2, Protoss Ground Armor Level 2 (Chrono Boost)  
  122  8:58  Assimilator  
  122  9:00  Colossus (Chrono Boost)  
  122  9:02  Extended Thermal Lance  
  122  9:04  Assimilator  
  122  9:05  Pylon  
  122  9:08  Pylon  
  128  9:10  Pylon, Archon  
  128  9:14  High Templar  
  128  9:17  Zealot x3  
  132  9:18  Zealot  
  132  9:23  Gateway  
  138  9:24  Probe  
  138  9:25  Gateway, Probe x2  
  138  9:27  Gateway  
  141  9:37  Probe x3  
  144  9:40  Robotics Facility  
  144  9:42  Probe  
  144  9:44  High Templar x2  
  149  9:45  Zealot x2  
  149  9:49  Probe  
  149  9:50  Probe x2  
  156  9:54  Probe  
  157  10:01  Probe  
  157  10:02  Probe x2  
  157  10:06  Probe  
  161  10:10  Stargate  
  161  10:13  Probe  
  162  10:14  Probe x2  
  162  10:15  High Templar x3  
  162  10:18  Probe  
  171  10:24  Warp Prism  
  173  10:40  Colossus  
  179  10:44  High Templar x2  
  179  10:46  Zealot x3  
  189  11:00  Warp Prism  
  191  11:11  Probe x3  
  191  11:12  Probe  
  195  11:20  High Templar  
  195  11:21  High Templar  
  195  11:22  Nexus  
  195  11:25  Archon  
  199  11:29  Probe  
  160  12:54  Zealot  
  160  12:55  Zealot x7  
Show
View Real Time Build Order
Export as new Build Order

CinDra Protoss 

Build Orders:  

Get SALT Encoding   

  12  0:02  Probe  
  13  0:14  Probe  
  14  0:24  Pylon  
  14  0:26  Probe (Chrono Boost)  
  15  0:40  Probe (Chrono Boost)  
  16  0:44  Gateway  
  16  0:52  Probe (Chrono Boost)  
  17  1:04  Probe (Chrono Boost)  
  18  1:12  Probe (Chrono Boost)  
  18  1:18  Probe  
  20  1:34  Cybernetics Core  
  20  1:40  Pylon  
  20  1:48  Assimilator  
  20  1:51  Probe  
  20  1:52  Assimilator  
  21  2:01  Zealot (Chrono Boost)  
  21  2:03  Probe  
  24  2:15  Probe  
  25  2:24  Warp Gate  
  25  2:35  Probe  
  26  2:47  Probe  
  27  2:59  Nexus  
  27  3:08  Adept  
  29  3:20  Probe (Chrono Boost)  
  30  3:28  Gateway  
  30  3:29  Probe (Chrono Boost)  
  30  3:31  Twilight Council  
  31  3:46  Pylon  
  31  3:51  Pylon  
  31  4:04  Probe (Chrono Boost)  
  31  4:08  Blink  
  32  4:16  Probe (Chrono Boost)  
  33  4:22  Probe (Chrono Boost)  
  35  4:24  Probe (Chrono Boost)  
  35  4:26  Assimilator  
  35  4:30  Probe  
  36  4:32  Pylon  
  36  4:34  Probe (Chrono Boost)  
  37  4:40  Robotics Facility  
  38  4:46  Probe (Chrono Boost)  
  38  4:47  Probe (Chrono Boost)  
  39  4:53  Stalker x2  
  39  4:54  Probe (Chrono Boost)  
  39  4:57  Probe (Chrono Boost)  
  45  5:00  Probe  
  45  5:06  Probe  
  47  5:12  Probe  
  48  5:18  Gateway  
  48  5:19  Gateway  
  48  5:27  Observer  
  49  5:29  Stalker x2  
  49  5:30  Probe (Chrono Boost)  
  49  5:32  Probe (Chrono Boost)  
  55  5:40  Probe x2 (Chrono Boost)  
  57  5:47  Pylon  
  57  5:53  Pylon  
  57  5:54  Immortal  
  61  5:59  Stalker x2  
  61  6:03  Probe x2  
  67  6:06  Assimilator  
  67  6:14  Robotics Bay  
  67  6:24  Probe (Chrono Boost)  
  69  6:29  Stalker x4  
  69  6:30  Probe (Chrono Boost)  
  77  6:38  Probe (Chrono Boost)  
  78  6:41  Pylon  
  77  7:01  Colossus  
  77  7:05  Extended Thermal Lance  
  77  7:07  Stalker x2  
  77  7:08  Stalker x2  
  91  7:17  Pylon  
  91  7:23  Pylon  
  91  7:27  Pylon  
  91  7:31  Gateway  
  91  7:37  Nexus  
  91  7:40  Pylon  
  91  7:46  Probe x2  
  93  7:54  Stalker x3  
  93  7:55  Stalker  
  101  7:58  Probe  
  101  7:59  Probe  
  103  8:06  Colossus  
  103  8:10  Charge  
  103  8:11  Probe x2 (Chrono Boost)  
  111  8:21  Pylon  
  111  8:23  Probe (Chrono Boost)  
  111  8:24  Stalker, Probe (Chrono Boost)  
  111  8:25  Stalker x3  
  121  8:30  Probe (Chrono Boost)  
  122  8:39  Probe  
  122  8:40  Probe  
  124  8:51  Probe  
  124  8:52  Probe  
  126  8:56  Assimilator  
  126  8:59  Stalker x4  
  126  9:00  Assimilator, Colossus  
  140  9:30  Gateway  
  140  9:32  Gateway  
  140  9:38  Zealot x4  
  148  9:48  Pylon  
  148  9:53  Pylon  
  148  10:05  Forge  
  148  10:06  Forge, Colossus  
  154  10:14  Zealot x4  
  162  10:37  Protoss Ground Weapons Level 1 (Chrono Boost), Protoss Ground Armor Level 1 (Chrono Boost)  
  162  10:47  Stalker  
  164  10:55  Pylon  
  164  11:00  Pylon x2  
  164  11:08  Nexus  
  164  11:10  Probe  
  165  11:13  Probe x2  
  167  11:22  Probe  
  167  11:25  Probe x2  
  170  11:43  Stalker x2  
  170  11:44  Stalker x2  
  170  11:46  Colossus  
  184  11:59  Probe x3  
  187  12:04  Stalker  
  189  12:20  Probe x3  
  192  12:34  Pylon  
  95  12:51  Stalker  
  95  12:52  Stalker x4  
  95  12:53  Stalker  
Tags
 
League
Platinum
Matchup
PvP
Spawn Locations
Cross Positions
Add a new tag
Caveats
  • Supply blocks, unpowered buildings, or Contaminate may cause inaccurate times.
  • Supply counts are checked every 10 seconds.